[Event "GrandPrix_29.05"]
[Site "Chess.com"]
[Date "2020.05.29"]
[Round "7"]
[White "mishikomchedlishvili"]
[Black "Rikikits"]
[Result "0-1"]
[WhiteElo "2414"]
[BlackElo "2747"]
[TimeControl "600+2"]
[EndTime "12:29:06 PDT"]
[Termination "Rikikits won by resignation"]

1. d4 f5 2. Nc3 Nf6 3. Bg5 d5 4. Bxf6 exf6 5. e3 Be6 6. a3 Bd6 7. Bd3 Nc6 8. Nge2 Ne7 9. Nb5 a6 10.
Nxd6+ Qxd6 11. O-O h5 12. b3 h4 13. c4 g5 14. Qc2 c6 15. Rfe1 Kf7 16. b4 dxc4 17. Bxc4 Bxc4 18. Qxc4+ Qd5 19. Rec1 h3 20. g3 a5 21. b5 cxb5 22. Qxd5+ Nxd5 23. Rc5 Ke6 24. Rxb5 b6 25. f3 Nxe3 26. Rxb6+ Kf7 27. Kf2 Rhe8 28.
Rc1 Re7 29. Rbc6 Nd5 30. Nc3 Rd8 31. Rd1 Rb7 32. Rd2 Rb3 33. Nxd5 Rxd5 34. Rc8 Rxa3 35. Rh8 g4 36. fxg4 fxg4 37. Rh7+ Kg6 38. Rc7 Rf5+ 39.
Ke2 Raf3 40. Rcc2 Kf7 41. Ra2 Ke6 42. d5+ Kd6 43. Rxa5 Rf2+ 44. Kd1 Rxd2+ 45. Kxd2 Rf2+ 46. Ke3 Rxh2 47. Kf4 Rg2 48. Ra1 f5 49. Kxf5 Rxg3 50. Kf4 Rg2 51. Rd1 h2 52. Rh1 g3 0-1

[Event "GrandPrix_29.05"]
[Site "Chess.com"]
[Date "2020.05.29"]
[Round "7"]
[White "wnstop"]
[Black "Carpe7Diem"]
[Result "1-0"]
[WhiteElo "2113"]
[BlackElo "2069"]
[TimeControl "600+2"]
[EndTime "12:29:07 PDT"]
[Termination "wnstop won by resignation"]

1. e4 c6 2. d4 d5 3. e5 Bf5 4.
Bd3 Bxd3 5. Qxd3 e6 6. Ne2 c5 7.
c3 Nc6 8. O-O Nge7 9. Nd2 Nf5 10. Nf3 Be7 11. g4 Nh4 12. Nxh4 Bxh4 13. f4 cxd4 14. cxd4 g6 15. Kh1 Qb6 16. f5 O-O-O 17.
Be3 gxf5 18. gxf5 Ne7 19. f6 Nf5 20. Rxf5 exf5 21. Qxf5+ Kb8 22. b3 Qb5 23. Nf4 Rhg8 24. e6 fxe6 25. Nxe6 Qe2 26. Qe5+ 1-0

[Event "GrandPrix_29.05"]
[Site "Chess.com"]
[Date "2020.05.29"]
[Round "7"]
[White "Khvicha_Supatashvili"]
[Black "vagpat"]
[Result "0-1"]
[WhiteElo "2058"]
[BlackElo "2205"]
[TimeControl "600+2"]
[EndTime "12:29:08 PDT"]
[Termination "vagpat won by resignation"]

1. d4 Nf6 2. c4 e6 3. Nf3 Bb4+ 4. Bd2 a5 5. Nc3 O-O 6. e4 Bxc3 7. bxc3 Nxe4 8. Bd3 f5 9. Bxe4 fxe4 10. Ng5 d5 11. h4 Qf6 12. Be3 c6 13. Qh5 h6 14. Nh3 dxc4 15. Nf4 Bd7 16. g4 Qf7 17. Qe5 Na6 18. g5 h5 19. g6 Qf5 20. Qd6 Rad8 21. Rg1 Bc8 22. Qa3 c5 23. Rg5 Qf6 24. dxc5 Nb4 25. Qc1 e5 26. Nxh5 Nd3+ 27. Kf1 Qf3 28. Qd1 Qxe3 0-1

[Event "GrandPrix_29.05"]
[Site "Chess.com"]
[Date "2020.05.29"]
[Round "7"]
[White "Elshadchess"]
[Black "WoodlandMagic"]
[Result "0-1"]
[WhiteElo "1866"]
[BlackElo "2082"]
[TimeControl "600+2"]
[EndTime "12:29:14 PDT"]
[Termination "WoodlandMagic won by resignation"]

1. Nc3 d5 2. e4 c6 3. Nf3 a6 4. g3 Bg4 5. Bg2 e6 6. d3 Nf6 7. h3 Bh5 8. e5 Nfd7 9. g4 Bg6 10.
Bf4 c5 11. Qe2 Nc6 12. O-O Be7 13. Rfe1 h5 14. g5 h4 15. Qd2 Rh5 16. Kh1 Bf5 17.
Rg1 Nf8 18. Bf1 Ng6 19. Bh2 b5 20. Ne2 Qa5 21. Qe3 Nb4 22. Qd2 Nc6 23. Qc1 Rc8 24. a4 b4 25. Nf4 Nxf4 26. Qxf4 g6 27. b3 Kd7 28. Re1 Rh7 29. Bg2 Qb6 30. Rd1 a5 31. Rde1 Nd4 32. Nxd4 cxd4 33. Re2 Rc3 34. Qd2 Rh8 35.
Bf4 Rhc8 36. Qd1 Qc5 37. Qa1 Rxc2 38. Rxc2 Qxc2 39. Rc1 Qxd3 40. Bf1 Qf3+ 41. Kg1 Qxf4 42. Bb5+ Kd8 43. Rxc8+ Kxc8 44. Qf1 Qxg5+ 45. Kh2 Qf4+ 46.
Kg1 Qxe5 47. Ba6+ Kd8 48. Qb5 Bd6 49. Qxa5+ Ke7 50. Qb6 Bxh3 0-1

[Event "GrandPrix_29.05"]
[Site "Chess.com"]
[Date "2020.05.29"]
[Round "7"]
[White "tigra"]
[Black "grunbergmihai"]
[Result "1-0"]
[WhiteElo "2645"]
[BlackElo "2459"]
[TimeControl "600+2"]
[EndTime "12:29:38 PDT"]
[Termination "tigra won by resignation"]

1. e4 Nf6 2. Qe2 e5 3. Nf3 Nc6 4. c3 d6 5. g3 g6 6. Bg2 Bg7 7. O-O O-O 8. d3 Re8 9. a4 d5 10. a5 a6 11. h3 h6 12. Nbd2 Be6 13. Re1 Nd7 14. Ng5 dxe4 15. Nxe6 Rxe6 16. Nxe4 Re8 17. g4 Nf6 18. Nxf6+ Qxf6 19. Qc2 Rad8 20. Be3 Qe6 21. b4 Qd7 22. Qb3 Kh7 23. b5 axb5 24. Qxb5 Qxd3 25.
Qxb7 Ne7 26. a6 c6 27. a7 Ra8 28. Bc5 Bf6 29. Bxe7 Bxe7 30. Qxc6 Bh4 31. Qxa8 Rxa8 32.
Bxa8 Qxh3 33. Bg2 1-0

[Event "GrandPrix_29.05"]
[Site "Chess.com"]
[Date "2020.05.29"]
[Round "7"]
[White "LorisinoC"]
[Black "viktorko131"]
[Result "0-1"]
[WhiteElo "2009"]
[BlackElo "2172"]
[TimeControl "600+2"]
[EndTime "12:29:41 PDT"]
[Termination "viktorko131 won by resignation"]

1. e4 c5 2. Nf3 d6 3. Bb5+ Bd7 4. Bxd7+ Nxd7 5. c3 Ngf6 6. Qe2 g6 7. O-O Bg7 8.
Rd1 O-O 9. d4 Rc8 10. e5 Nd5 11. c4 N5b6 12. dxc5 Nxc5 13. b4 Ncd7 14. c5 Nxe5 15.
Nxe5 Bxe5 16. Bb2 Bxb2 17. Qxb2 Nc4 18. Qe2 d5 19. Nd2 Nxd2 20. Qxd2 e6 21. Rac1 Qd7 22.
Qd4 f6 23. Rd3 b6 24. Rdc3 e5 25. Qd1 bxc5 26. Rxc5 d4 27. h3 Rxc5 28. Rxc5 Rc8 29. Qb3+ Kg7 30. a4 Rd8 31. Qd1 d3 32. Qd2 Qxa4 33.
Rc7+ Rd7 34. Rxd7+ Qxd7 35. g3 Qd5 36. Kh2 Qe4 37.
h4 Qe2 0-1

[Event "GrandPrix_29.05"]
[Site "Chess.com"]
[Date "2020.05.29"]
[Round "7"]
[White "jacky72"]
[Black "DrVelja"]
[Result "0-1"]
[WhiteElo "2151"]
[BlackElo "2184"]
[TimeControl "600+2"]
[EndTime "12:29:43 PDT"]
[Termination "DrVelja won by checkmate"]

1. d4 Nf6 2. c4 g6 3. Nc3 d5 4. Nf3 Bg7 5. h4 dxc4 6. e4 c5 7. d5 b5 8. h5 O-O 9. hxg6 fxg6 10. e5 Ng4 11. e6 Rf5 12. Nxb5 Rxd5 13. Qc2 Ne5 14.
Nxe5 Rxe5+ 15. Be3 a6 16. Nc3 Bxe6 17. Rd1 Qa5 18. Be2 Nc6 19. O-O Rd8 20. Rxd8+ Qxd8 21. Qa4 Nb4 22. Bxc5 Nd3 23. Be3 Nxb2 24. Qxa6 Bf7 25.
Qa3 Nd3 26. Rd1 Qa5 27. Qxa5 Rxa5 28. Bxd3 Bxc3 29. Bxc4 Bxc4 30. Rc1 Bf6 31. Rxc4 Rxa2 32. Bd4 Bg5 33. Rc5 Bf4 34. g3 Bd6 35. Rc1 Kf7 36.
Bc5 Be5 37. Re1 Bf6 38. Re4 h5 39. Bd4 Ra4 40. Bxf6 Rxe4 41. Bg5 Ke6 42. Kg2 Kf5 43. Bd2 e5 44. Kf3 Ra4 45. Be3 g5 46. Kg2 Ra3 47. Kf3 e4+ 48. Kg2 Rxe3 49. fxe3 Kg4 50. Kf2 Kh3 51. g4 h4 52. Kg1 Kg3 53. Kh1 Kf3 54. Kh2 Kxg4 55. Kg2 h3+ 56. Kh2 Kh4 57.
Kg1 Kg4 58. Kh1 Kg3 59. Kg1 g4 60. Kh1 Kf3 61. Kh2 Kf2 62. Kh1 Kxe3 63. Kh2 Kf3 64. Kh1 Kf2 65. Kh2 e3 66. Kh1 Kg3 67. Kg1 e2 68.
Kh1 Kf3 69. Kh2 Kf2 70. Kh1 e1=Q+ 71. Kh2 Qe5+ 72. Kh1 Kg3 73. Kg1 Qc5+ 74. Kh1 Qc6+ 75. Kg1 h2+ 76. Kf1 h1=Q+ 77. Ke2 Kf4 78. Kf2 g3+ 79.
Ke2 g2 80. Kd3 g1=Q 81. Kd2 Qd7+ 82. Ke2 Qgg4+ 83. Kf2 Qgh4+ 84. Ke2 Qe4+ 85. Kf1 Qd1# 0-1

[Event "GrandPrix_29.05"]
[Site "Chess.com"]
[Date "2020.05.29"]
[Round "7"]
[White "Winawer81"]
[Black "crazyboy26"]
[Result "0-1"]
[WhiteElo "2173"]
[BlackElo "2389"]
[TimeControl "600+2"]
[EndTime "12:30:01 PDT"]
[Termination "crazyboy26 won by resignation"]

1. e4 Nc6 2. Nf3 d6 3. d4 Nf6 4. Nc3 g6 5. d5 Nb8 6. Be2 Bg7 7.
O-O O-O 8. a4 c6 9. a5 Nbd7 10.
a6 Nc5 11. dxc6 bxc6 12. e5 Nfe4 13. Nxe4 Nxe4 14. Bf4 Qb6 15. Bd3 d5 16. b3 Bf5 17.
Nh4 Nc3 18. Qf3 Bxd3 19. Qxd3 Qd4 20. Qxd4 Ne2+ 21. Kh1 Nxd4 22. Nf3 Nxc2 23. Ra4 Rfb8 24. Rc1 Nb4 25. e6 Rb6 26. exf7+ Kxf7 27. Be3 Nd3 28. Ng5+ Kg8 29. Rc2 c5 30. Bxc5 Rxb3 31. h4 Rc8 32. Ra5 Rc3 33. Rxc3 Bxc3 34. Ra3 Rxc5 35. Ne6 Rc4 36.
Rb3 Nb4 0-1

[Event "GrandPrix_29.05"]
[Site "Chess.com"]
[Date "2020.05.29"]
[Round "7"]
[White "PotapovaM"]
[Black "Arseniy_Nesterov"]
[Result "0-1"]
[WhiteElo "2172"]
[BlackElo "2307"]
[TimeControl "600+2"]
[EndTime "12:30:08 PDT"]
[Termination "Arseniy_Nesterov won by resignation"]

1. d4 d5 2. c4 c6 3. Nc3 Nf6 4. cxd5 cxd5 5. Bf4 Nc6 6. e3 a6 7. Bd3 e6 8. Rc1 Bd6 9. Bxd6 Qxd6 10. f4 O-O 11. Nf3 Ng4 12. Qe2 f6 13. O-O Bd7 14. Bb1 e5 15. fxe5 fxe5 16. dxe5 Ncxe5 17. Rcd1 Qh6 18. Rde1 Rae8 19. h3 Nxe3 20. Rf2 Nxf3+ 21. Rxf3 d4 22. Rxf8+ Rxf8 23. Ne4 Bc6 24. Qd2 Qh4 25. Nc5 Nxg2 26.
Re2 Nf4 27. Rh2 Qg3+ 0-1

[Event "GrandPrix_29.05"]
[Site "Chess.com"]
[Date "2020.05.29"]
[Round "7"]
[White "MirMan90"]
[Black "matej2221"]
[Result "1-0"]
[WhiteElo "2340"]
[BlackElo "2150"]
[TimeControl "600+2"]
[EndTime "12:30:09 PDT"]
[Termination "MirMan90 won on time"]

1. e4 e5 2. Nf3 Nc6 3. Bb5 a6 4. Ba4 Nge7 5. O-O g6 6. c3 Bg7 7.
d4 exd4 8. cxd4 b5 9. Bb3 O-O 10.
d5 Na5 11. Bc2 d6 12. Nc3 Bb7 13. Bg5 Nc4 14. Rb1 Nxb2 15. Rxb2 Bxc3 16. Rb3 Bg7 17.
Qd2 Qd7 18. Bh6 c5 19. dxc6 Nxc6 20. Rd3 Rad8 21. Rd1 Rfe8 22. Bb3 Rxe4 23. Bg5 Ne7 24. Rxd6 Qxd6 25. Qxd6 Rxd6 26. Rxd6 h6 27. Be3 Nf5 28.
Rd8+ Bf8 29. Bc5 Ne7 30. Kf1 Kg7 31. Nd2 Re5 32. Bd4 Nc6 33. Bxe5+ Nxe5 34. f4 Ng4 35. Rd7 Bd5 36. Bxd5 Ne3+ 37. Ke2 1-0

[Event "GrandPrix_29.05"]
[Site "Chess.com"]
[Date "2020.05.29"]
[Round "7"]
[White "pheonixking2000"]
[Black "Shahinyan_ChessMood"]
[Result "1-0"]
[WhiteElo "2574"]
[BlackElo "2354"]
[TimeControl "600+2"]
[EndTime "12:30:13 PDT"]
[Termination "pheonixking2000 won by resignation"]

1. d4 Nf6 2. Nf3 c5 3. d5 e6 4.
Nc3 b5 5. Bg5 b4 6. Ne4 Bb7 7. c4 d6 8. Qa4+ Qd7 9. Qxd7+ Nbxd7 10. Bxf6 gxf6 11. Rd1 Nb6 12. e3 f5 13. Ned2 Bg7 14.
b3 a5 15. Bd3 a4 16. O-O Ke7 17. Rfe1 axb3 18. axb3 Nd7 19. g3 Bc3 20. e4 fxe4 21. Rxe4 Nf6 22. Re3 Ra2 23. Ne4 Nxe4 24. Bxe4 e5 25.
Nh4 Rb2 26. Rf3 Bc8 27. Ra1 Re2 28. Ra7+ Kd8 29. Bf5 e4 30. Rf4 e3 31. fxe3 Be5 32. Rf3 Bxf5 33. Nxf5 Re8 34. Nh6 Re7 35. Nxf7+ Ke8 36.
Ra8+ Kd7 37. Nxe5+ dxe5 38. Rff8 Kd6 39. Ra6+ Kd7 40.
Ra7+ Kd6 41. Rf6+ 1-0

[Event "GrandPrix_29.05"]
[Site "Chess.com"]
[Date "2020.05.29"]
[Round "7"]
[White "haddinibilbaoo"]
[Black "IljaJoke"]
[Result "1-0"]
[WhiteElo "2143"]
[BlackElo "2210"]
[TimeControl "600+2"]
[EndTime "12:30:16 PDT"]
[Termination "haddinibilbaoo won by resignation"]

1. d4 Nf6 2. Nf3 c5 3. d5 b5 4. a4 b4 5. c4 g6 6. b3 Bg7 7. Bb2 a5 8. Nbd2 O-O 9. e4 d6 10.
Bd3 e5 11. dxe6 fxe6 12. e5 Ng4 13. Qc2 Nxe5 14. Nxe5 dxe5 15. Ne4 Qe7 16. O-O Nc6 17. Bc1 Nd4 18. Qd1 Rf5 19. Rb1 Bb7 20. Qg4 Raf8 21.
Bg5 Qc7 22. Ng3 Qf7 23. Be3 h5 24. Qd1 h4 25. Nxf5 exf5 26. Bxd4 cxd4 27. c5 Qc7 28. Rc1 h3 29. c6 hxg2 30. Re1 Bc8 31. Qf3 e4 32. Bc4+ Kh7 33. Qxg2 Qxc6 34. Bg8+ Rxg8 35. Rxc6 Be5 36. Rec1 Bd7 37. Rc7 Bxc7 38. Rxc7 Rg7 39. Qh3+ Kg8 40. Qh4 Be6 41. Qd8+ Kh7 42. Rxg7+ Kxg7 43. Qxd4+ Kh7 44. Qa7+ Kh6 45. Qxa5 Bxb3 46. Qxb4 1-0

[Event "GrandPrix_29.05"]
[Site "Chess.com"]
[Date "2020.05.29"]
[Round "7"]
[White "MasterSonnevanck2"]
[Black "Luq27"]
[Result "1-0"]
[WhiteElo "2086"]
[BlackElo "2084"]
[TimeControl "600+2"]
[EndTime "12:30:17 PDT"]
[Termination "MasterSonnevanck2 won by resignation"]

1. d4 e6 2. c4 Bb4+ 3. Bd2 Bxd2+ 4. Qxd2 Nf6 5. Nc3 d5 6. cxd5 exd5 7. e3 Bf5 8. Nge2 O-O 9. Ng3 Bg6 10. Bd3 Bxd3 11. Qxd3 c6 12. O-O Nbd7 13. f3 c5 14. Rad1 Re8 15. e4 dxe4 16. Ncxe4 Qb6 17. Kh1 Rad8 18.
d5 Qxb2 19. d6 Qxa2 20. Nf5 Nxe4 21. fxe4 Ne5 22. Qg3 Ng6 23. d7 Rf8 24. Rd6 Qa4 25. Qc3 f6 26. Nxg7 Rxd7 27. Rxd7 Qxd7 28. Nh5 Ne5 29.
Qxc5 b6 30. Qa3 Qd3 31. Qa2+ Kh8 32. Ng3 Qd7 33. Qe2 Qg4 34. Qc2 Rc8 35. Qd2 Qh4 36.
Nf5 Qxe4 37. Qh6 Qa8 1-0

[Event "GrandPrix_29.05"]
[Site "Chess.com"]
[Date "2020.05.29"]
[Round "7"]
[White "GMStefanova"]
[Black "Petriashvili02"]
[Result "0-1"]
[WhiteElo "2273"]
[BlackElo "2264"]
[TimeControl "600+2"]
[EndTime "12:30:21 PDT"]
[Termination "Petriashvili02 won by resignation"]

1. d4 Nf6 2. Nf3 g6 3. g3 Bg7 4. Bg2 d5 5. O-O c6 6. Bf4 O-O 7. Qc1 Re8 8. c4 Bf5 9. Rd1 Nbd7 10. Ne5 Be6 11. cxd5 Nxd5 12. Bh6 Nxe5 13. dxe5 Qc7 14. Bxg7 Kxg7 15. e4 Nb6 16. f4 Rad8 17. Nd2 Rd7 18. Nf3 Bg4 19. Qc3 Rxd1+ 20. Rxd1 Bxf3 21. e6+ f6 22. Bxf3 Rd8 23. Rxd8 Qxd8 24. Kg2 Qd6 25. f5 Na4 26. Qc2 Qd4 27. b3 Nc5 28. h4 Nd3 29. Qd2 c5 30. g4 Ne5 31. Qxd4 cxd4 32.
Bd1 Kh6 33. Kf2 g5 34. h5 Kg7 35. Ke1 Kf8 36. h6 Ke8 37. Kd2 Kd8 38. Be2 Kc7 39.
a3 a5 40. Bd1 Kd6 41. Be2 Kc5 42. Bd1 b6 43. Be2 d3 44. Bxd3 Nxg4 45. Kc3 Nxh6 46. e5 Ng8 47. b4+ axb4+ 48. axb4+ Kc6 49. Be4+ Kc7 50. Kd4 h5 51. Bf3 fxe5+ 52. Kxe5 Nf6 53. b5 h4 54. Bc6 h3 55. Bh1 Ng4+ 56. Kd4 Kd6 57.
Bc6 h2 58. Bg2 Nf2 59. Ke3 h1=Q 60. Bxh1 Nxh1 61. Kf3 Ke5 62. f6 Kxf6 0-1

[Event "GrandPrix_29.05"]
[Site "Chess.com"]
[Date "2020.05.29"]
[Round "7"]
[White "guylevin1"]
[Black "DaggiGretarsson"]
[Result "1-0"]
[WhiteElo "2105"]
[BlackElo "1987"]
[TimeControl "600+2"]
[EndTime "12:30:24 PDT"]
[Termination "guylevin1 won on time"]

1. c4 g6 2. Nf3 Bg7 3. g3 c5 4.
Bg2 Nc6 5. O-O d6 6. Nc3 Nh6 7. d4 cxd4 8. Nxd4 Nxd4 9. Bxh6 Nxe2+ 10. Qxe2 Bxh6 11. Nd5 Be6 12. Rad1 Rc8 13. Rfe1 O-O 14. b3 Re8 15. h4 Qd7 16. Bf3 Bxd5 17. Bxd5 e6 18.
Bg2 Rc7 19. a4 Qe7 20. Rd3 Rd8 21. Red1 a5 22. Kh2 Rc5 23. Bf3 Qc7 24. Kg2 Kf8 25. h5 g5 26. Qe4 Kg7 27. g4 b6 28. Be2 Qe7 29. Rf3 Re5 30. Qc2 f5 31. Bd3 1-0

[Event "GrandPrix_29.05"]
[Site "Chess.com"]
[Date "2020.05.29"]
[Round "7"]
[White "Gareth-Bale11"]
[Black "GM_Levan_Pantsulaia"]
[Result "0-1"]
[WhiteElo "2386"]
[BlackElo "2610"]
[TimeControl "600+2"]
[EndTime "12:30:33 PDT"]
[Termination "GM_Levan_Pantsulaia won by resignation"]

1. d4 Nf6 2. c4 c5 3. d5 e6 4. Nc3 exd5 5. cxd5 d6 6. e4 g6 7. f4 Bg7 8. Bb5+ Nfd7 9. Bd3 O-O 10. Nf3 Nb6 11. h3 f5 12. O-O Na6 13. e5 Nb4 14. a3 dxe5 15. axb4 cxb4 16. fxe5 bxc3 17. d6 cxb2 18.
Qb3+ Kh8 19. Bxb2 Qe8 20. Rfe1 Be6 21. Qd1 Nd7 22. Ng5 Bg8 23. Qe2 Qd8 24. Nf3 Nc5 25. Bc4 Bxc4 26. Qxc4 Ne4 27. Rxe4 fxe4 28. Qxe4 a5 29. Bd4 a4 30. Qxb7 a3 31. Qb3 Qa5 32. Kh2 a2 33. Bc3 Rxf3 34. gxf3 Bxe5+ 35. Bxe5+ Qxe5+ 0-1

[Event "GrandPrix_29.05"]
[Site "Chess.com"]
[Date "2020.05.29"]
[Round "7"]
[White "Eltaj_Safarli"]
[Black "SuperFineHipster"]
[Result "1-0"]
[WhiteElo "2471"]
[BlackElo "2168"]
[TimeControl "600+2"]
[EndTime "12:30:40 PDT"]
[Termination "Eltaj_Safarli won by resignation"]

1. e4 e5 2. Nf3 Nc6 3. Bb5 a6 4. Ba4 Nf6 5. Nc3 d6 6. Bxc6+ bxc6 7.
d4 exd4 8. Qxd4 c5 9. Qd3 Be7 10. Bf4 O-O 11. O-O-O Bb7 12. e5 dxe5 13. Qc4 Qc8 14.
Nxe5 Qf5 15. Nd3 Rad8 16. Be3 Ng4 17. Bxc5 Bxc5 18. Qxc5 Qxc5 19. Nxc5 Rxd1+ 20. Rxd1 Bxg2 21. Rg1 Bf3 22. Rg3 Ne5 23. Nxa6 h5 24. Nxc7 h4 25. Rg5 f6 26. Rg1 Kf7 27. a4 h3 28. Rg3 Bg2 29. N7d5 Re8 30. Ne3 Nf3 31. Nxg2 hxg2 32. Rxg2 Re1+ 33.
Nd1 g5 34. a5 f5 35. Rg3 Nd4 36. Re3 Rh1 37. h3 g4 38. hxg4 fxg4 39. Re4 Nc6 40. a6 Rh5 41. Rc4 1-0

[Event "GrandPrix_29.05"]
[Site "Chess.com"]
[Date "2020.05.29"]
[Round "7"]
[White "VincentKeymer"]
[Black "VMikhalevski"]
[Result "1-0"]
[WhiteElo "2679"]
[BlackElo "2598"]
[TimeControl "600+2"]
[EndTime "12:30:42 PDT"]
[Termination "VincentKeymer won by resignation"]

1. Nf3 Nf6 2. c4 e6 3. Nc3 d5 4. e3 Be7 5. b3 O-O 6. Bb2 b6 7.
cxd5 exd5 8. d4 c5 9. Bd3 Bb7 10.
O-O Na6 11. Ne2 Nb4 12. Bb1 Ne4 13. a3 Na6 14. dxc5 bxc5 15. Nf4 Bf6 16. Bxe4 dxe4 17. Qxd8 Rfxd8 18. Bxf6 gxf6 19. Nh4 Kf8 20. g4 Rab8 21. h3 Bc8 22. Rfb1 Rd6 23. b4 cxb4 24. axb4 Rxb4 25. Rxb4 Nxb4 26. Rxa7 Ra6 27. Rc7 Rc6 28. Rxc6 Nxc6 29. Nh5 Ke7 30. Ng3 Ne5 31. Nxe4 Ng6 32. Nxg6+ fxg6 33. Ng3 Kd6 34. f3 Bb7 35. Kf2 Ke5 36. f4+ Kd6 37. h4 h6 38. e4 Bc8 39.
Kf3 Ke7 40. g5 hxg5 41. hxg5 fxg5 42. fxg5 Kd6 43. Kf4 Ba6 44. Nh1 Ke6 45. Nf2 Bf1 46. Ke3 Bb5 47. Kd4 Be2 48. Nh3 Ba6 49. Nf4+ Kf7 50. e5 Bc8 51. Kd5 Bb7+ 52. Kd6 Be4 53. e6+ Ke8 54. Ke5 Bc2 55. Kf6 1-0

[Event "GrandPrix_29.05"]
[Site "Chess.com"]
[Date "2020.05.29"]
[Round "7"]
[White "Iljin_Timofey"]
[Black "DariaVoit"]
[Result "0-1"]
[WhiteElo "2258"]
[BlackElo "2219"]
[TimeControl "600+2"]
[EndTime "12:30:44 PDT"]
[Termination "DariaVoit won on time"]

1. d4 Nf6 2. c4 e6 3. Nc3 Bb4 4. e3 O-O 5. a3 Bxc3+ 6. bxc3 b6 7. Bd3 Nc6 8. Ne2 Na5 9. O-O Ba6 10. e4 Bxc4 11. Bg5 d6 12. f4 Qd7 13. Bxf6 gxf6 14. Ng3 Kh8 15. Nh5 Qe7 16. e5 fxe5 17. fxe5 Qg5 18.
Nf6 Qe3+ 19. Kh1 Qxd3 20. Qh5 Qg6 21. Qh4 Bxf1 22. Rxf1 Rg8 23. Nxg8 Rxg8 24. g3 Nc4 25. Rf6 Qb1+ 26. Kg2 Ne3+ 27. Kh3 Nf5 28. Qf4 Rg7 29. Qf3 Rg6 30. g4 Nh6 31. Rf4 Kg7 32.
Rf6 d5 33. Rf4 Qg1 34. Rf6 Qxg4+ 35. Qxg4 Nxg4 36. Rxg6+ fxg6 37. Kxg4 c5 38. Kf4 cxd4 39. cxd4 b5 40. Ke3 a5 41. Kd3 g5 42. Ke3 Kg6 43. Kf3 h5 44. Ke3 Kf5 45. Kf3 b4 46. axb4 axb4 47.
Ke3 g4 48. Kd3 h4 49. Kc2 g3 50. hxg3 hxg3 51. Kb3 g2 52. Kxb4 g1=Q 53. Kc5 Qf2 54. Kc6 Qxd4 55. Kd6 Qxe5+ 56. Kc6 d4 57. Kb6 d3 58.
Kc6 d2 59. Kb6 d1=Q 60. Kc6 Qc3+ 61. Kb6 Qb1+ 0-1

[Event "GrandPrix_29.05"]
[Site "Chess.com"]
[Date "2020.05.29"]
[Round "7"]
[White "Rakhmanov_Aleksandr"]
[Black "BogdanDeac"]
[Result "0-1"]
[WhiteElo "2387"]
[BlackElo "2410"]
[TimeControl "600+2"]
[EndTime "12:30:59 PDT"]
[Termination "BogdanDeac won by resignation"]

1. d4 Nf6 2. c4 e6 3. Nc3 Bb4 4. e3 d5 5. Nf3 O-O 6. Bd2 Nbd7 7. a3 Be7 8. Qc2 c6 9. Bd3 a6 10. cxd5 exd5 11. g4 g6 12. h4 Nxg4 13.
h5 f5 14. Ne2 Bd6 15. hxg6 hxg6 16. Nf4 Qe8 17. Nxg6 Qxg6 18. Nh4 Qh5 19. O-O-O Nxf2 20. Rdg1+ Kf7 21. Bxf5 Qe2 22. Bxd7 Nd3+ 23. Kb1 Bxd7 24.
Rg2 Nf2 25. Rg7+ Ke6 26. Rhg1 Ne4 27. R1g6+ Rf6 28. Rxf6+ Kxf6 29. Rxd7 Nxd2+ 30. Ka2 Qc4+ 31. Qxc4 Nxc4 32. Rxb7 Rb8 33. Rxb8 Bxb8 34. Ng2 Kf5 35. b3 Nd6 36. Kb2 Ke4 37. Kc3 Nf5 38. Kb4 Nxe3 39. Nxe3 Kxe3 40. Kc5 a5 41. b4 axb4 42. axb4 Ke4 0-1

[Event "GrandPrix_29.05"]
[Site "Chess.com"]
[Date "2020.05.29"]
[Round "7"]
[White "rfhfb"]
[Black "MaxVavulin"]
[Result "1-0"]
[WhiteElo "2111"]
[BlackElo "1932"]
[TimeControl "600+2"]
[EndTime "12:31:00 PDT"]
[Termination "rfhfb won by resignation"]

1. d4 Nf6 2. c4 e6 3. g3 c5 4. d5 exd5 5. cxd5 Bd6 6. Nc3 O-O 7. Bg2 Re8 8. e4 Bc7 9. Nge2 d6 10. O-O a6 11. a4 Nbd7 12. h3 Nf8 13. Kh2 Bd7 14. f4 Rb8 15. a5 Ng6 16. g4 h6 17. Ng3 Bxa5 18. g5 hxg5 19. fxg5 Nh7 20. Qh5 b5 21. Bd2 b4 22. Rxf7 Nhf8 23. Rxg7+ Kxg7 24. Qh6+ Kg8 25. Nh5 Qe7 26. Rf1 Qe5+ 27. Kh1 Qd4 28. Ne2 Qh8 29.
Rxf8+ Nxf8 30. Nf6+ 1-0

[Event "GrandPrix_29.05"]
[Site "Chess.com"]
[Date "2020.05.29"]
[Round "7"]
[White "OparinGrigoriy"]
[Black "Bosiocic"]
[Result "0-1"]
[WhiteElo "2504"]
[BlackElo "2732"]
[TimeControl "600+2"]
[EndTime "12:31:01 PDT"]
[Termination "Bosiocic won by resignation"]

1. Nf3 d6 2. d4 Nf6 3. g3 g6 4. Bg2 Bg7 5. c4 c6 6. O-O O-O 7. Nc3 Bf5 8. Ng5 h6 9. e4 Bg4 10. Nf3 Qc8 11. Re1 e5 12. d5 cxd5 13. cxd5 Na6 14. Be3 Qd7 15. Rc1 Rfc8 16. Qd2 Nc5 17. Nh4 g5 18. Bxc5 Rxc5 19. Nf3 Rac8 20. Qd3 b5 21. a3 a5 22. Ra1 Qb7 23. Nd2 Qb6 24. Bf1 Bd7 25. Nb3 R5c7 26. Nxb5 Ng4 27. Re3 Nxe3 28.
Qxe3 Qxe3 29. fxe3 Bxb5 30. Bxb5 Rc2 31. Rb1 a4 32. Bxa4 Rb8 33. Na5 Rcxb2 34. Rxb2 Rxb2 35. Bc6 Rc2 36. a4 g4 37. Nb7 Bf8 38. a5 Ra2 39.
Bd7 h5 40. Bb5 Bh6 41. Kf1 Bxe3 42. a6 Rf2+ 43. Ke1 Rxh2 44. Nxd6 h4 45. Nf5 Bf2+ 46. Kf1 hxg3 47. d6 Rh1+ 48. Ke2 g2 49. d7 Bb6 50. a7 Ra1 0-1

[Event "GrandPrix_29.05"]
[Site "Chess.com"]
[Date "2020.05.29"]
[Round "7"]
[White "SacrificeGod"]
[Black "Velis23"]
[Result "0-1"]
[WhiteElo "2277"]
[BlackElo "2174"]
[TimeControl "600+2"]
[EndTime "12:31:01 PDT"]
[Termination "Velis23 won by resignation"]

1. e4 d5 2. exd5 Qxd5 3. Nc3 Qd8 4. d4 Nf6 5. Nf3 Bg4 6. h3 Bxf3 7. Qxf3 c6 8. Be3 e6 9. Bd3 Nbd7 10. O-O-O Be7 11. g4 Nd5 12. Nxd5 cxd5 13. Qg2 Rc8 14. f4 Qa5 15. Kb1 Nb6 16. f5 Nc4 17. Bxc4 Rxc4 18. fxe6 fxe6 19. Bc1 O-O 20. Qe2 Rc6 21. Rhf1 Ra6 22.
a3 Rb6 23. Ka2 Qa4 24. Rxf8+ Bxf8 25. Rf1 Qxd4 26. Qf3 Qf6 27. Qxf6 gxf6 28. Rxf6 Bg7 29. Rf2 e5 30. c3 d4 31. cxd4 exd4 32. h4 Re6 33. g5 Re1 34. Bf4 d3 35. Kb3 Re2 36.
Rxe2 dxe2 37. Bg3 Kf7 38. Kc2 Kg6 39. b3 Kh5 40. Kd2 Kg4 41. Be1 Kf3 42. h5 Kg4 43. g6 h6 44. Kxe2 Kxh5 45. a4 Kxg6 46. b4 Kf5 47. b5 Ke4 48. a5 a6 49. bxa6 bxa6 50. Bb4 Kd4 51. Be7 Kc4 52. Kf3 Bc3 53. Bd8 Kb5 0-1

[Event "GrandPrix_29.05"]
[Site "Chess.com"]
[Date "2020.05.29"]
[Round "7"]
[White "cassoulet"]
[Black "GrishaTheChamp"]
[Result "0-1"]
[WhiteElo "2023"]
[BlackElo "2186"]
[TimeControl "600+2"]
[EndTime "12:31:04 PDT"]
[Termination "GrishaTheChamp won by resignation"]

1. e4 c5 2. Nf3 d6 3. d4 cxd4 4. Nxd4 Nf6 5. Nc3 Nc6 6. g3 e5 7. Nde2 Be6 8. Bg2 Be7 9. O-O O-O 10. h3 a5 11. g4 h6 12. Be3 a4 13. Nd5 Nd7 14.
c4 Bg5 15. Nec3 Bxe3 16. fxe3 Nc5 17. Qe2 Qg5 18. Rad1 Rad8 19. Nb5 h5 20. gxh5 Bxh3 21. Nbc3 Bg4 22. Qe1 Bxd1 23. Qxd1 f5 24. exf5 Rxf5 25. Rxf5 Qxf5 26. b4 axb3 27. axb3 Rf8 28. Qe2 Nxb3 29.
Ne4 Nc5 30. Nxd6 Qg5 31. Kh2 e4 32. Kh1 Qe5 33. Nb5 Nd3 34. Nbc3 Nf2+ 35. Kg1 Qg3 36. Nf4 Rxf4 37. exf4 Nh3+ 38. Kh1 Qxc3 39. Bxe4 Nxf4 40. Bd5+ Kf8 41. Qe4 Qh3+ 42. Kg1 Qg3+ 43. Kh1 Qh4+ 44. Kg1 Nh3+ 45. Kg2 Qxe4+ 46. Bxe4 Ng5 47. Bd5 Ke7 48. Kg3 Kf6 49. Kf4 Ne6+ 50. Ke4 Nc5+ 51. Kf4 Ne7 52. Bf3 b6 53. Be2 Nc8 54. Bf3 Nd6 55. Bd5 Nb3 56.
Bg8 Na5 57. Ke3 Naxc4+ 58. Kd4 Ne5 59. Kd5 Nf5 60. Bh7 Nd7 61. Kc6 Nf8 62. h6 gxh6 63.
Bg8 Ne7+ 64. Kxb6 Nxg8 65. Kc5 Kf5 66. Kd4 Kf4 67. Kd3 Kf3 68. Kd2 h5 69. Ke1 Kg2 70.
Ke2 h4 0-1